 Dungeon Crawl Stone Soup version 0.30-a0-1160-g6e42c06551 (webtiles) character file.

Game seed: 12201752869869044715

1051 Anamonty the Tainter (level 8, -8/46 HPs)
             Began as an Octopode Venom Mage on Apr 26, 2023.
             Was a Believer of Qazlal.
             Mangled by an ice beast (14 damage)
             ... on level 5 of the Dungeon.
             The game lasted 00:10:30 (5935 turns).

Anamonty the Tainter (Octopode Venom Mage)          Turns: 5935, Time: 00:10:30

Health: -8/46      AC:  2    Str: 10      XL:     8   Next: 26%
Magic:  13/14      EV: 13    Int: 17      God:    Qazlal [**....]
Gold:   112        SH:  2    Dex:  5 (12) Spells: 5/16 levels left

rFire   + . .        q - +0 rapier (elec)
rCold   . . .        (no shield)
rNeg    . . .        y - +1 hat {Will+}
rPois   .            m - amulet of magic regeneration
rElec   .            k - ring of protection from fire
rCorr   .            (no ring)
SInv    .            (no ring)
Will    +....        (no ring)
Stlth   ++           (no ring)
HPRegen 0.27/turn    (no ring)
MPRegen 0.54/turn    (no ring)
                     (no ring)

%: no passive effects
@: invisible
A: almost no armour, amphibious, 8 rings, camouflage 1, gelatinous body 1,
(nimble swimmer 1), tentacles
a: Renounce Religion, Upheaval


You were on level 5 of the Dungeon.
You worshipped Qazlal.
Qazlal was pleased with you.
You visited 2 branches of the dungeon, and saw 6 of its levels.
You also visited: Sewer.

You collected 211 gold pieces.
You spent 99 gold pieces at shops.

Inventory:

Hand Weapons
 q - a +0 rapier of electrocution (weapon)
Missiles
 h - 2 curare-tipped darts
 C - 2 throwing nets
Armour
 y - a +1 hat of willpower (worn)
Jewellery
 k - a ring of protection from fire (left tentacle)
 m - an amulet of magic regeneration (around mantle)
Wands
 o - a wand of mindburst (6) (quivered)
Scrolls
 b - 5 scrolls of teleportation
 e - 2 scrolls of fear
 g - a scroll of blinking
 n - a scroll of enchant weapon {unknown}
 p - a scroll of vulnerability {unknown}
 u - a scroll of magic mapping {unknown}
 w - a scroll of poison
 z - a scroll of silence {unknown}
 A - 3 scrolls of identify
 D - a scroll of brand weapon {unknown}
Potions
 a - a potion of magic
 c - a potion of resistance {unknown}
 d - 2 potions of invisibility
 f - a potion of heal wounds
 i - a potion of might {unknown}
 j - 4 potions of haste {unknown}
 l - 2 potions of curing
 r - a potion of brilliance {unknown}
 s - 2 potions of flight {unknown}
 t - 2 potions of berserk rage
 v - a potion of lignification {unknown}
 x - a potion of mutation {unknown}
 B - 2 potions of attraction {unknown}


   Skills:
 + Level 5.0 Dodging
 - Level 2.6 Stealth
 + Level 4.6 Spellcasting
 - Level 1.0 Transmutations
 * Level 8.8 Poison Magic


You had 5 spell levels left.
You knew the following spells:

 Your Spells              Type           Power      Damage    Failure   Level
a - Sting                 Tmut/Pois      80%        1d7       1%          1
b - Olgreb's Toxic Radia  Pois           33%        N/A       4%          4
c - Mephitic Cloud        Conj/Pois/Air  13%        N/A       13%         3
d - Ignite Poison         Fire/Tmut/Pois 15%        N/A       12%         3

Your spell library contained the following spells:

 Spells                   Type           Power      Damage    Failure   Level
 Poisonous Vapours        Pois/Air       36%        N/A       3%          2
 Sticky Flame             Conj/Fire      3%         2d3       83%         4
 Ignition                 Fire           1%         3d3       100%        8


Dungeon Overview and Level Annotations

Branches:
Dungeon (5/15)             Temple (1/1) D:4           Sewer (visited)

Altars:
Cheibriados
Dithmenos
Elyvilon
Fedhas
Gozag
Hepliaklqana
Makhleb
Nemelex Xobeh
Okawaru
Qazlal
Ru
Trog
Uskayaw
Vehumet
Xom
Yredelemnul
Zin

Shops:
D:4 ?

Annotations:
D:3 1 runed translucent door, Crazy Yiuf


Innate Abilities, Weirdness & Mutations

You cannot wear most types of armour.
You are amphibious.
You can wear up to eight rings at the same time.
Your skin changes colour to match your surroundings (Stealth+).
Your rubbery body absorbs attacks. (AC +1, EV +1)
((You are camouflaged when in or above water. (Stealth+)))
You have tentacles for arms and can constrict up to eight enemies at once.


Message History

Casting: Sting (safe; 1% risk of failure)
Confirm with . or Enter, or press ? or * to list all spells.
You can't see any susceptible monsters within range! (Use Z to cast anyway.) Unknown command.
Casting: Sting (safe; 1% risk of failure)
Confirm with . or Enter, or press ? or * to list all spells.
Aiming: Sting (safe; 1% risk of failure)
Press: ? - help, Shift-Dir - straight line, f/p - ice beast
Aim: an ice beast (lightly wounded, 76% to hit)
The sting hits the ice beast.
The ice beast partially resists.
The ice beast is moderately wounded.
The ice beast hits you. The ice beast freezes you!
* * * LOW HITPOINT WARNING * * *
You feel much better. The ice beast hits you. The ice beast freezes you!
You fade into invisibility!
The ice beast closely misses you.
You barely miss the ice beast.
The ice beast is moderately wounded.
The ice beast hits you. The ice beast freezes you!
* * * LOW HITPOINT WARNING * * *
You closely miss the ice beast.
The ice beast is moderately wounded.
You block the ice beast's attack. The ice beast completely misses you.
You hit the ice beast.
Lightning courses through the ice beast!
Your squeeze misses the ice beast.
The ice beast is severely wounded.
The ice beast misses you.
You hit the ice beast. You squeeze the ice beast.
The ice beast is almost dead.
The ice beast closely misses you.
You barely miss the ice beast.
The ice beast is almost dead.
You block the ice beast's attack.
You barely miss the ice beast.
The ice beast is almost dead.
The ice beast hits you.
* * * LOW HITPOINT WARNING * * *
The ice beast freezes you!
You die...

#####....._....#..........
#..........#..........
#.....#...=#........♣~
#.....#....###'####... #.....#
...##.....'... .... #.....#
#.....#... ....# #.....# #
....#### ....# #...)§# ... #..
....#### #)...@###### ........
.......# ###...Y.....# .##..
.......+ #.........#########
.......# .'..).............#
.......# ..#................+
.......#######................#+#
.................................
..................#####..........
..#####...........#...#..........


You could see an ice beast (unable to see you).

Vanquished Creatures
  A water moccasin (D:5)
  A black bear (D:5)
  A kobold brigand (Sewer)
  Blork the orc (D:4)
  A scorpion (D:4)
  3 quasits (D:4)
  A gnoll bouda (D:4)
  2 iguanas
  A sleepcap (D:5)
  5 orc wizards
  Robin (D:3)
  5 adders
  11 gnolls
  2 shadow imps (D:5)
  A white imp (D:5)
  An ufetubus (D:5)
  A worm (D:2)
  3 dart slugs
  14 orcs
  4 bats
  4 endoplasms
  5 giant cockroaches
  18 goblins
  5 hobgoblins
  5 jackals
  5 quokkas
  10 ball pythons
  7 frilled lizards
  19 kobolds
  8 rats
146 creatures vanquished.

Vanquished Creatures (others)
  2 demonic plants (D:5)
  2 fungi (D:3)
  A plant (Sewer)
5 creatures vanquished.

Grand Total: 151 creatures vanquished

Notes
Turn   | Place    | Note
-------+----------+-------------------------------------------
     0 | D:1      | Anamonty the Octopode Venom Mage began the quest for the
                  | Orb.
     0 | D:1      | Reached XP level 1. HP: 11/11 MP: 3/3
   179 | D:1      | Reached skill level 4 in Poison Magic
   179 | D:1      | Reached XP level 2. HP: 17/17 MP: 3/5
  1167 | D:2      | You fall into a shaft and drop 2 floors!
  1248 | D:3      | Reached XP level 3. HP: 21/21 MP: 6/6
  1398 | D:3      | Reached XP level 4. HP: 26/27 MP: 7/7
  1423 | D:3      | Learned a level 4 spell: Olgreb's Toxic Radiance
  1569 | D:2      | Reached skill level 5 in Poison Magic
  1844 | D:2      | Learned a level 3 spell: Mephitic Cloud
  2494 | D:3      | Identified the -2 helmet "Kayri" {Harm Drain rPois Stlth+}
  2494 | D:3      | Noticed Robin
  2514 | D:3      | Reached XP level 5. HP: 18/31 MP: 4/9
  2765 | D:3      | Found a shadowy altar of Dithmenos.
  3276 | D:3      | Found a runed translucent door.
  3277 | D:3      | Noticed Crazy Yiuf
  3305 | D:3      | Killed Robin
  3561 | D:4      | Reached skill level 6 in Poison Magic
  3561 | D:4      | Reached XP level 6. HP: 31/36 MP: 2/10
  3814 | D:4      | Found a staircase to the Ecumenical Temple.
  3871 | Temple   | Entered the Ecumenical Temple
  3876 | Temple   | Learned a level 3 spell: Ignite Poison
  3939 | Temple   | Became a worshipper of Qazlal Stormbringer
  4069 | D:4      | Noticed Blork the orc
  4078 | D:4      | Killed Blork the orc
  4093 | D:4      | Found a faded altar of an unknown god.
  4095 | D:4      | Found a hazy altar of Hepliaklqana.
  4142 | D:4      | Found a sacrificial altar of Ru.
  4291 | D:4      | Found The Oracle's Delphic Readings.
  4312 | D:4      | Reached skill level 7 in Poison Magic
  4312 | D:4      | Reached XP level 7. HP: 38/41 MP: 7/12
  4469 | D:4      | Bought a scroll of teleportation for 33 gold pieces
  4469 | D:4      | Bought a scroll of identify for 22 gold pieces
  4469 | D:4      | Bought a scroll of poison for 44 gold pieces
  4488 | D:5      | Entered Level 5 of the Dungeon
  4494 | D:5      | Found a glowing drain.
  4506 | Sewer    | Entered a sewer
  4553 | Sewer    | Reached * piety under Qazlal
  5196 | D:4      | Reached ** piety under Qazlal
  5372 | D:5      | Reached skill level 8 in Poison Magic
  5545 | D:5      | Reached XP level 8. HP: 46/46 MP: 11/14
  5856 | D:5      | Found an opulent altar of Gozag.
  5867 | D:5      | Found a glowing silver altar of Zin.
  5896 | D:5      | Reached skill level 5 in Dodging
  5899 | D:5      | Found a basalt altar of Yredelemnul.
  5902 | D:5      | Found a blossoming altar of Fedhas.
  5935 | D:5      | Mangled by an ice beast

Illustrated notes

Levels and vault maps discovered:
D:1:      dpeg_arrival_shelter, layout_basic
D:2:      layout_basic
D:3:      layout_basic, mainiacjoe_overflow_small_starburst, uniq_robin,
          uniq_crazy_yiuf_cottage
D:4:      layout_loops_ring, mainiacjoe_overflow_boulevard,
          beargit_hepliaklqana_dungeon_heroes, minmay_temple_entry_overgrown,
          nicolae_nh_oracle_at_delphi
D:5:      layout_gridville, grunt_temple_overflow_open,
          mainiacjoe_overflow_alcove_4, portal_sewer_entry_f, serial_demonic,
          serial_demonic_f, serial_demonic_f, serial_demonic_d, serial_demonic_g
Temple:   dshaligram_water_room_temple

Skill      XL: |  1  2  3  4  5  6  7  8 |
---------------+-------------------------+-----
Poison Magic   | 4 5 6 7 8 |  8.8
Dodging        | 3 4 5 |  5.0
Spellcasting   | 3 4 |  4.6
Stealth        | |  2.6
Transmutations | |  1.0

Action                     |  1- 3 |  4- 6 |  7- 9 || total
---------------------------+-------+-------+-------++-------
  Melee: Unarmed           |    60 |    49 |       ||   109
         Constrict         |    20 |    21 |    11 ||    52
         Tentacles         |    15 |    17 |    13 ||    45
         Rapier            |       |    34 |    83 ||   117
   Cast: Sting             |    15 |    31 |     6 ||    52
         Olgreb's Toxic Ra |       |    14 |     9 ||    23
         Mephitic Cloud    |       |     1 |     3 ||     4
         Ignite Poison     |       |     1 |     3 ||     4
  Evoke: Wand              |       |       |     2 ||     2
    Use: Scroll            |       |     1 |     4 ||     5
         Potion            |       |       |     2 ||     2
   Stab: Sleeping          |     5 |     7 |     2 ||    14
         Distracted        |       |     1 |       ||     1
 Armour: Skin              |     8 |    13 |    27 ||    48
  Dodge: Dodged            |    55 |    62 |   122 ||   239
  Block: Other             |       |       |    15 ||    15

Table legend: (Time is in decaauts)
 A = Elapsed time spent in this place.
 B = Non-inter-level travel time spent in this place.
 C = Inter-level travel time spent in this place.
 D = Time resting spent in this place.
 E = Time spent auto-exploring this place.
 F = Levels seen in this place.
 G = Mean time per level.
                   A        B        C        D        E       F      G
               +--------+--------+--------+--------+--------+-----+--------+
         Total |   5962 |   5629 |    333 |      0 |   4293 |   7 |  851.7 |
       Dungeon |   5473 |   5171 |    302 |      0 |   3950 |   5 | 1094.6 |
        Temple |     81 |     51 |     30 |      0 |     39 |   1 |   81.0 |
         Sewer |    406 |    406 |      0 |      0 |    304 |   1 |  406.0 |
               +--------+--------+--------+--------+--------+-----+--------+

Top non-repeatable levels by time:
     D:4: 1239 daAuts
     D:3: 1220 daAuts
     D:2: 1171 daAuts
     D:1: 1160 daAuts
     D:5: 682 daAuts
   Sewer: 406 daAuts
  Temple: 81 daAuts
